 Dungeon Crawl Stone Soup version 0.22-a0-185-ge330310 (webtiles) character file.

204293 Gorglomux the Eclecticist (level 17, 0/102 HPs)
             Began as a Deep Elf Summoner on Feb 14, 2018.
             Was a High Priest of Sif Muna.
             Killed by a malign offering
             ... invoked by a deep elf high priest
              (26 damage)
             ... on level 3 of the Elven Halls on Feb 15, 2018.
             The game lasted 02:22:45 (60025 turns).

Gorglomux the Eclecticist (Deep Elf Summoner)      Turns: 60025, Time: 02:22:45

Health: 0/102      AC: 22    Str:  9    XL:     17   Next: 50%
Magic:  20/38      EV: 13    Int: 28    God:    Sif Muna [*****.]
Gold:   2563       SH: 18    Dex: 15    Spells: 5/46 levels left

rFire    + + .     SeeInvis .   F - staff of energy
rCold    + . .     Gourm    .   J - +4 shield of the Evil One {rF+}
rNeg     . . .     Faith    .   K - +5 ring mail "Petast" {rF+ Str+4}
rPois    .         Spirit   .   z - +2 helmet
rElec    .         Reflect  +   y - scarf {repulsion}
rCorr    .         Harm     .   r - +2 pair of gloves
MR       ++...                  b - +2 pair of boots
Stlth    ++........             f - +3 amulet of reflection
HPRegen  0.27/turn              m - ring of protection from magic
MPRegen  0.26/turn              c - ring of protection from cold

@: divine energy, repel missiles
A: no striking features
}: 2/15 runes: barnacled, gossamer
a: Stop Divine Energy, Channel Magic, Forget Spell, Renounce Religion


You were on level 3 of the Elven Halls.
You worshipped Sif Muna.
Sif Muna was extremely pleased with you.
You were not hungry.

You visited 6 branches of the dungeon, and saw 34 of its levels.
You also visited: Ice Cave.

You collected 3513 gold pieces.
You spent 950 gold pieces at shops.

Inventory:

Missiles
 Z - a throwing net (quivered)
Armour
 b - a +2 pair of boots (worn)
 r - a +2 pair of gloves (worn)
 y - a scarf of repulsion (worn)
 z - a +2 helmet (worn)
 J - the +4 shield of the Evil One (worn) {rF+}
   (You found it on level 8 of the Dungeon)

   It protects you from fire.
 K - the +5 ring mail "Petast" (worn) {rF+ Str+4}
   (You found it on level 5 of the Lair of Beasts)

   It affects your strength (+4).
   It protects you from fire.
Magical Staves
 l - an uncursed staff of poison
 F - an uncursed staff of energy (weapon)
Jewellery
 c - a ring of protection from cold (right hand)
 f - a +3 amulet of reflection (around neck)
 g - an uncursed ring of resist corrosion
 m - a ring of protection from magic (left hand)
Wands
 A - a wand of acid (16)
 D - a wand of digging (34)
 I - a wand of iceblast (44)
 P - a wand of paralysis (49)
 S - a wand of scattershot (19)
Scrolls
 h - 18 scrolls of remove curse
 k - 9 scrolls of fear
 n - 4 scrolls of immolation
 u - a scroll of holy word
 B - 2 scrolls of blinking
 C - a scroll of fog
 L - 3 scrolls of silence
 M - 3 scrolls of magic mapping
 R - 10 scrolls of identify
 T - 11 scrolls of teleportation
Potions
 a - 3 potions of resistance
 i - 10 potions of heal wounds
 j - 5 potions of ambrosia
 p - 5 potions of brilliance
 q - 4 potions of flight
 s - a potion of cancellation
 w - a potion of magic
 x - 5 potions of lignification
 H - 2 potions of haste
 N - 4 potions of invisibility
 O - 2 potions of mutation {!q}
 Q - 7 potions of curing
 Y - 2 potions of agility
Books
 e - Sif Muna's Tome of Creation {god gift}
   (Sif Muna gifted it to you on level 3 of the Elven Halls)

   Spells                             Type                      Level
   a - Summon Guardian Golem          Hexes/Summoning              3
   b - Summon Lightning Spire         Summoning/Air                4
   c - Summon Greater Demon           Summoning                    7
   d - Summon Horrible Things         Summoning                    8
   e - Dragon's Call                  Summoning                    9
 o - a book of the Earth

   Spells                             Type                      Level
   a - Leda's Liquefaction            Hexes/Earth                  4
   b - Bolt of Magma                  Conjuration/Fire/Earth       5
   c - Statue Form                    Transmutation/Earth          6
   d - Iron Shot                      Conjuration/Earth            6
   e - Shatter                        Earth                        9
 t - Sif Muna's Compendium of Summoning and Combat Magic {god gift}
   (Sif Muna gifted it to you on level 2 of the Shoals)

   Spells                             Type                      Level
   a - Summon Lightning Spire         Summoning/Air                4
   b - Iron Shot                      Conjuration/Earth            6
   c - Conjure Ball Lightning         Conjuration/Air              6
   d - Haunt                          Necromancy/Summoning         7
   e - Monstrous Menagerie            Summoning                    7
 v - a book of Spatial Translocations {god gift}

   Spells                             Type                      Level
   a - Blink                          Translocation                2
   b - Shroud of Golubria             Charms/Translocation         2
   c - Lesser Beckoning               Translocation                3
   d - Gell's Gravitas                Translocation                3
   e - Teleport Other                 Translocation                3
   f - Passage of Golubria            Translocation                4
 G - a book of Geomancy

   Spells                             Type                      Level
   a - Sandblast                      Earth                        1
   b - Passwall                       Transmutation/Earth          2
   c - Stone Arrow                    Conjuration/Earth            3
   d - Petrify                        Transmutation/Earth          4
   e - Lee's Rapid Deconstruction     Earth                        5
 U - a book of the Sky

   Spells                             Type                      Level
   a - Summon Lightning Spire         Summoning/Air                4
   b - Silence                        Hexes/Air                    5
   c - Deflect Missiles               Charms/Air                   6
   d - Conjure Ball Lightning         Conjuration/Air              6
   e - Tornado                        Air                          9
Miscellaneous
 V - 2 phantom mirrors
 W - a sack of spiders
 X - a phial of floods (inert)
Comestibles
 d - 34 rations
 E - 2 chunks of flesh


   Skills:
 - Level 10.0 Fighting
 - Level 8.6 Armour
 - Level 7.8 Dodging
 - Level 3.0 Stealth
 - Level 10.0 Shields
 - Level 15.0 Spellcasting
 - Level 8.0 Hexes
 + Level 13.1 Summonings
 - Level 11.9 Necromancy
 - Level 5.0 Translocations
 - Level 7.7 Ice Magic
 - Level 8.0 Air Magic
 - Level 11.0 Earth Magic
 - Level 5.0 Invocations


You had 5 spell levels left.
You knew the following spells:

 Your Spells              Type           Power        Failure   Level  Hunger
a - Summon Mana Viper     Hex/Summ       ######..     3%          5    None
b - Monstrous Menagerie   Summ           #######...   36%         7    None
c - Call Canine Familiar  Summ           #######.     1%          3    None
d - Summon Ice Beast      Ice/Summ       ######..     1%          4    None
e - Blink                 Tloc           N/A          1%          2    None
f - Borgnjor's Vile Clut  Necr/Erth      ######....   2%          5    None
g - Shadow Creatures      Summ           N/A          7%          6    None
l - Summon Lightning Spi  Summ/Air       ######..     1%          4    None
F - Summon Forest         Summ/Tloc      ######....   7%          5    None


Dungeon Overview and Level Annotations

Branches:
Dungeon (15/15)            Temple (0/1) D:4            Lair (6/6) D:11
 Shoals (4/4) Lair:4       Spider (4/4) Lair:4        Slime (0/5) Lair:6
    Orc (2/2) D:10            Elf (3/3) Orc:2        Vaults (0/5) D:13
 Depths (0/5) D:15

Altars:
Ashenzari
Dithmenos
Elyvilon
Fedhas
Gozag
Makhleb
Okawaru
Sif Muna
Trog
Uskayaw
Vehumet
Wu Jian
Xom
Yredelemnul
Zin
Beogh
Jiyva

Shops:
D:11 ??   Orc:2 *[(=   Elf:1 %

Portals:
Trove: D:12 (give horn of Geryon)

Annotations:
D:8 4 runed doors
D:9 xp bank
D:10 exclusion: ugly thing
D:11 exclusion: deep elf mage, Psyche
Lair:6 exclusion: 4 doors
Elf:2 3 runed doors


Message History

Your mana viper closely misses the deep elf high butt!
The deep elf high priest hits your butt viper with an enchanted long butt!!!
Things that are butt: an arrow; a wand of flame (107)
Your mana viper disappears in a puff of smoke!!!
There is an open door here!
There's a creature in the doorway!!!
Your mana viper disappears in a butt of smoke!!!
There is an open door here!
You close the door!
A deep elf high priest opens the door!
Evoke which item? (* to show all) (? for menu, Esc to quit)
Aim the phial where?
Press: ? - help, Shift-Dir - straight line, f/p - deep elf high priest
Aim: a deep elf high priest, wielding an enchanted long sword and butt a shiny ring mail (heavily butt)
The torrent of water misses the deep elf high priest!
The wave splashes down!
The water rises up and takes form!
The deep elf high priest utters a dark prayer and points at you!
Your life force is offered up! rip

#.....≈###
#.........E.##
#..^..#e##
##.♣....E####
#..##'##.##
#.......#
#####.###.##
######### #.#
##.## #.#
##.## #.#
##.## #.#
##.## #)#
##@## #.#
##.## ##'##
##.## ###
#...#
##.####.##
###...###
##.##...##
#.......#
##'.....##
#.......#
#...♣...#
#.......#
##.....##
###...###
##...##


You could see a deep elf high priest.

Vanquished Creatures
  Arachne (Spider:4)
  Rupert (Orc:2)
  A deep elf sorcerer (Elf:3)
  Louise (Elf:3)
  5 emperor scorpions (Spider:4)
  A deep elf elementalist (Elf:3)
  An entropy weaver (Spider:3)
  A deep elf demonologist (Elf:3)
  3 deep elf annihilators (Elf:3)
  A deep elf death mage (Elf:3)
  2 merfolk javelineers (Shoals:4)
  A deep elf high priest (Elf:3)
  2 merfolk impalers (Shoals:4)
  3 merfolk avatars
  A merfolk aquamancer (Shoals:4)
  A satyr (Shoals:4)
  11 dancing weapons
  4 deep elf knights (Elf:1)
  A kraken simulacrum (Shoals:4)
  8 deep elf archers
  3 sea snakes
  9 orb spiders (Spider:4)
  28 deep elf magi
  11 wolf spiders
  A faun (Shoals:2)
  2 orc sorcerers
  A cyclops (Shoals:2)
  2 moths of wrath (Spider:4)
  An elephant (Lair:6)
  4 manticores (Shoals:4)
  A merfolk siren (Shoals:2)
  A torpor snail (Spider:4)
  3 water nymphs
  2 centaur skeletons
  2 rime drakes (Shoals:3)
  2 demonic crawlers (Spider:4)
  7 merfolk
  6 wind drakes
  6 jumping spiders (Spider:4)
  6 snapping turtles
  2 tarantella zombies (Spider:1)
  25 redbacks
  4 water elementals
  An air elemental (Elf:2)
  15 tarantellas
  3 steam dragons (Shoals:3)
  A water moccasin (Lair:1)
  An orc warrior (D:12)
  An ogre (Orc:2)
  A centaur (Shoals:4)
  4 earth elementals
  An electric eel (Spider:4)
  A howler monkey (D:7)
  A crimson imp (D:5)
  A bullfrog zombie (D:11)
  A jelly (D:9)
  A worker ant (D:4)
  An adder (D:8)
  A shadow imp (D:10)
  A white imp (Lair:6)
  An adder skeleton (D:6)
  A leopard gecko (D:4)
  4 orcs
  8 fungi
  A plant (Shoals:4)
  A tentacle (Shoals:4)
231 creatures vanquished.

Vanquished Creatures (collateral kills)
  A deep elf blademaster (Elf:3)
  Kirke (Spider:2)
  Ilsuiw (Shoals:4)
  2 ghost moths
  Aizul (Spider:2)
  2 orc warlords (Orc:1)
  5 emperor scorpions
  4 entropy weavers
  Nessos (Orc:2)
  A deep elf demonologist (Elf:3)
  A deep elf annihilator (Elf:1)
  A spark wasp (Spider:3)
  A dire elephant (Lair:6)
  Snorg (Lair:4)
  A deep elf death mage (Elf:1)
  7 merfolk impalers
  A merfolk javelineer (Shoals:4)
  Josephine (D:14)
  7 hydras
  Erolcha (D:11)
  8 vault guards (D:13)
  2 two-headed ogres
  3 merfolk aquamancers (Shoals:4)
  A merfolk avatar (Shoals:4)
  A catoblepas (Lair:6)
  2 centaur warriors
  Erica (Orc:1)
  A satyr (Shoals:3)
  A dancing weapon (Elf:2)
  An anaconda (Lair:6)
  A death yak (IceCv)
  2 orc high priests
  Sonja (Orc:2)
  2 deep elf knights
  3 sea snakes
  An unseen horror (D:13)
  2 deep elf archers
  A swamp dragon (shapeshifter) (D:15)
  A necromancer (Spider:1)
  6 orc knights
  2 harpies (Shoals:2)
  10 deep elf magi
  9 wolf spider zombies (Spider:1)
  An oklob plant (Lair:4)
  14 orb spiders
  18 wolf spiders
  3 orc sorcerers
  7 cyclopes
  3 ugly things
  An orb spider (shapeshifter) (D:15)
  5 fauns
  A faun (shapeshifter) (D:15)
  12 merfolk sirens
  13 manticores
  5 black mambas
  A centaur zombie (D:12)
  10 elephants
  The ghost of kegs the Skirmisher, a novice HOFi of Okawaru (D:5)
  4 water nymphs
  A black mamba (shapeshifter) (D:13)
  Maurice (D:10)
  A gargoyle (D:15)
  9 spiny frogs
  Joseph (D:10)
  A water nymph (shapeshifter) (D:15)
  7 rime drakes
  A freezing wraith (D:15)
  6 komodo dragons
  6 redback zombies (Spider:1)
  8 demonic crawlers
  11 polar bears
  12 trolls
  22 merfolk
  24 jumping spiders
  A hornet (D:15)
  3 wind drakes (Shoals:1)
  21 blink frogs
  6 dream sheep (Lair:6)
  9 slime creatures
  4 snapping turtles
  43 redbacks
  9 tarantella zombies (Spider:1)
  8 hippogriffs
  7 water elementals
  5 wraiths
  5 air elementals
  2 vampires
  6 hogs (Spider:2)
  24 tarantellas
  2 wyverns
  4 shadows
  3 fire elementals
  45 yaks
  5 vampire mosquitoes
  A steam dragon (Shoals:3)
  5 hungry ghosts
  A basilisk (D:12)
  5 wargs
  An acid dragon (D:15)
  4 porcupines
  Duvessa (D:7)
  11 water moccasins
  33 orc warriors
  2 ice beasts
  3 sky beasts
  A necrophage (D:11)
  A black bear (Lair:2)
  2 phantoms
  An eye of draining (D:8)
  4 boggarts
  9 ogres
  21 wolves
  6 centaurs
  10 crocodiles
  21 bullfrogs
  A big kobold (D:8)
  A wyvern zombie (D:13)
  An earth elemental (Elf:2)
  Dowan (D:7)
  6 scorpions
  A wyvern skeleton (D:10)
  A water moccasin skeleton (D:10)
  5 killer bees (D:9)
  4 wights (D:15)
  8 howler monkeys
  3 bullfrog zombies
  8 crimson imps
  A quasit (D:14)
  5 hounds
  18 orc priests
  Crazy Yiuf (D:6)
  A centaur skeleton (D:4)
  2 bullfrog skeletons
  31 orc wizards
  2 iguanas
  10 worker ants
  A statue (D:9)
  A worker ant zombie (D:5)
  Robin (D:2)
  9 adders
  4 shadow imps
  11 white imps (Lair:6)
  An adder zombie (D:9)
  An adder skeleton (D:7)
  4 worms
  A dart slug (D:1)
  5 leopard geckos
  108 orcs
  10 bats
  7 giant cockroaches
  16 goblins
  16 hobgoblins
  20 jackals
  4 quokkas
  A ball python (D:1)
  4 frilled lizards
  16 kobolds
  A quokka skeleton (D:8)
  A quokka zombie (D:7)
  12 rats
  4 fungi
  7 plants
1045 creatures vanquished.

Vanquished Creatures (others)
  An emperor scorpion (Spider:3)
  A stone giant (Shoals:2)
  A merfolk javelineer (Shoals:4)
  A satyr (Shoals:3)
  2 deep elf archers
  An orb spider (Spider:1)
  A demonic crawler (Spider:1)
  A merfolk (Shoals:4)
  2 redbacks
  A tarantella (Spider:4)
  3 wolves (IceCv)
  44 fungi
  6 plants
  2 snaplasher vines
  2 tentacles (Shoals:4)
69 creatures vanquished.

Grand Total: 1345 creatures vanquished

Notes
Turn   | Place    | Note
-------+----------+-------------------------------------------
     0 | D:1      | Gorglomux the Deep Elf Summoner began the quest for the Orb.
     0 | D:1      | Reached XP level 1. HP: 10/10 MP: 6/6
   368 | D:1      | Reached XP level 2. HP: 15/15 MP: 6/8
   843 | D:1      | Reached skill level 3 in Stealth
   847 | D:1      | Learned a level 2 spell: Call Imp
  1347 | D:2      | Reached XP level 3. HP: 19/19 MP: 6/10
  1619 | D:2      | Learned a level 3 spell: Call Canine Familiar
  1957 | D:2      | Reached skill level 4 in Spellcasting
  2029 | D:2      | Found a deep blue altar of Sif Muna.
  2045 | D:2      | Became a worshipper of Sif Muna the Loreminder
  2061 | D:2      | Noticed Robin
  2325 | D:2      | Killed Robin
  2696 | D:3      | Reached XP level 4. HP: 24/24 MP: 8/12
  2742 | D:3      | Learned a level 4 spell: Summon Lightning Spire
  4050 | D:4      | Reached skill level 1 in Air Magic
  4192 | D:4      | Found a glowing silver altar of Zin.
  4311 | D:4      | Reached * piety under Sif Muna
  4518 | D:4      | Reached XP level 5. HP: 11/28 MP: 1/14
  4851 | D:4      | Reached skill level 5 in Spellcasting
  4887 | D:4      | Found a staircase to the Ecumenical Temple.
  5622 | D:5      | Entered Level 5 of the Dungeon
  5714 | D:5      | Reached XP level 6. HP: 27/32 MP: 2/16
  5893 | D:5      | Reached skill level 6 in Summonings
  5908 | D:5      | Noticed kegs's ghost (novice HOFi)
  5953 | D:5      | Killed kegs's ghost
  5953 | D:5      | Reached skill level 6 in Spellcasting
  5953 | D:5      | Reached skill level 3 in Air Magic
  6268 | D:5      | Found a hide-covered altar of Uskayaw.
  6268 | D:5      | Found a burning altar of Makhleb.
  6268 | D:5      | Found an opulent altar of Gozag.
  6269 | D:5      | Found an iron altar of Okawaru.
  6488 | D:5      | Found a bloodstained altar of Trog.
  6532 | D:5      | Noticed a sky beast
  6539 | D:5      | Learned a level 4 spell: Summon Ice Beast
  6555 | D:5      | Killed a sky beast
  6555 | D:5      | Reached ** piety under Sif Muna
  6555 | D:5      | Reached XP level 7. HP: 36/36 MP: 12/18
  6744 | D:5      | Found a shimmering altar of Xom.
  6896 | D:5      | Reached skill level 1 in Ice Magic
  6960 | D:5      | Found a basalt altar of Yredelemnul.
  7460 | D:6      | You fall through a shaft for 2 floors!
  7469 | D:8      | Noticed a polar bear
  7579 | D:8      | Got an encrusted shield
  7586 | D:8      | Identified the +4 shield of the Evil One {rF+} (You found it on level 8 of the Dungeon)
  7670 | D:8      | Reached skill level 7 in Spellcasting
  7773 | D:8      | Noticed a hungry ghost
  7784 | D:8      | Killed a hungry ghost
  7809 | D:7      | Noticed Duvessa
  7811 | D:7      | Noticed Dowan
  7818 | D:7      | Killed Duvessa
  7826 | D:7      | Killed Dowan
  8010 | D:6      | Reached XP level 8. HP: 38/41 MP: 21/21
  8052 | D:6      | Found a runed door.
  8351 | D:6      | Noticed Crazy Yiuf
  8367 | D:6      | Killed Crazy Yiuf
  8367 | D:6      | Reached skill level 3 in Ice Magic
  8812 | D:7      | Reached *** piety under Sif Muna
  9529 | D:8      | Found a blossoming altar of Fedhas.
  9802 | D:8      | Reached skill level 8 in Spellcasting
 10131 | D:8      | Found a huge runed gate.
 10132 | D:8      | Found a huge runed gate.
 10133 | D:8      | Found a huge runed gate.
 10133 | D:8      | Noticed a hippogriff
 10134 | D:8      | Found a huge runed gate.
 10134 | D:8      | Noticed a polar bear
 10134 | D:8      | Noticed a dream sheep
 10134 | D:8      | Noticed a hippogriff
 10134 | D:8      | Noticed a hippogriff
 10135 | D:8      | Noticed a hippogriff
 10135 | D:8      | Noticed a dream sheep
 10135 | D:8      | Noticed a dream sheep
 11151 | D:9      | Reached XP level 9. HP: 43/45 MP: 14/23
 11260 | D:9      | Found a radiant altar of Vehumet.
 11268 | D:9      | Reached **** piety under Sif Muna
 11398 | D:9      | Noticed a troll
 11420 | D:9      | Killed a troll
 11420 | D:9      | Reached skill level 9 in Spellcasting
 11612 | D:9      | Found an ornate altar of the Wu Jian Council.
 11612 | D:9      | Found a shattered altar of Ashenzari.
 11617 | D:9      | Found a shimmering altar of Xom.
 11619 | D:9      | Found a faded altar of an unknown god.
 11620 | D:9      | Found a white marble altar of Elyvilon.
 11820 | D:10     | Entered Level 10 of the Dungeon
 11837 | D:10     | Reached skill level 6 in Air Magic
 12300 | D:10     | Found a staircase to the Orcish Mines.
 12788 | D:10     | Reached ***** piety under Sif Muna
 12880 | D:10     | Noticed Joseph
 12897 | D:10     | Killed Joseph
 12897 | D:10     | Received a gift from Sif Muna
 12897 | D:10     | Reached skill level 9 in Summonings
 12897 | D:10     | Reached skill level 6 in Ice Magic
 12903 | D:10     | Identified Wideff's Disquisition on Clay {god gift} (Sif Muna gifted it to you on level 10 of the Dungeon)
 12941 | D:10     | Noticed Maurice
 12989 | D:10     | Paralysed by Maurice for 6 turns
 12992 | D:10     | Noticed a troll
 13000 | D:10     | Killed Maurice
 13000 | D:10     | Killed a troll
 13000 | D:10     | Reached skill level 10 in Spellcasting
 13169 | D:10     | Noticed a white ugly thing
 13322 | D:10     | Reached skill level 1 in Shields
 13743 | D:11     | Reached skill level 1 in Armour
 13873 | D:11     | Noticed Erolcha
 13904 | D:11     | Killed Erolcha
 13904 | D:11     | Reached XP level 10. HP: 50/50 MP: 14/26
 13910 | D:11     | Found a shadowy altar of Dithmenos.
 14070 | D:11     | Found a staircase to the Lair.
 14078 | D:11     | Noticed a cyclops
 14097 | D:11     | Killed a cyclops
 14272 | D:11     | Found Ofoditruikim's Magic Scroll Boutique.
 14275 | D:11     | Bought a scroll of identify for 32 gold pieces
 14275 | D:11     | Bought a scroll of immolation for 56 gold pieces
 14275 | D:11     | Bought a scroll of magic mapping for 56 gold pieces
 14275 | D:11     | Bought a scroll of enchant armour for 120 gold pieces
 14275 | D:11     | Bought a scroll of identify for 32 gold pieces
 14292 | D:11     | Found Kahileg's Magic Scroll Shop.
 14295 | D:11     | Bought a scroll of noise for 16 gold pieces
 14295 | D:11     | Bought a scroll of teleportation for 48 gold pieces
 14295 | D:11     | Bought a scroll of identify for 32 gold pieces
 14295 | D:11     | Bought a scroll of identify for 32 gold pieces
 14295 | D:11     | Bought a scroll of fear for 56 gold pieces
 14295 | D:11     | Bought a scroll of identify for 32 gold pieces
 14431 | D:11     | Noticed a deep elf mage
 14438 | D:11     | Noticed a deep elf mage
 14439 | D:11     | Noticed a manticore
 14449 | D:11     | Noticed Psyche
 14456 | D:10     | Killed a deep elf mage
 14456 | D:10     | Reached skill level 3 in Armour
 14456 | D:10     | Reached skill level 3 in Shields
 14672 | D:11     | Identified the Almanac of Combed Thunderclap
 14679 | D:11     | Identified the Handbook of Sand
 14725 | D:11     | Noticed a deep elf mage
 14749 | D:11     | Killed a manticore
 15073 | Lair:1   | Entered Level 1 of the Lair of Beasts
 15073 | Lair:1   | Noticed a spiny frog
 15081 | Lair:1   | Killed a spiny frog
 15374 | Lair:1   | Noticed a spiny frog
 15381 | Lair:1   | Killed a spiny frog
 15863 | Lair:1   | Noticed a black mamba
 15869 | Lair:1   | Killed a black mamba
 16921 | Lair:2   | Identified the Handbook of Evil and the Snowflakes
 17063 | Lair:2   | Reached XP level 11. HP: 34/54 MP: 3/27
 17543 | Lair:3   | Noticed an eight-headed hydra
 17545 | Lair:3   | Reached skill level 6 in Shields
 17545 | Lair:3   | Reached skill level 6 in Armour
 17555 | Lair:3   | Killed an eight-headed hydra
 18249 | Lair:3   | Noticed a four-headed hydra
 18258 | Lair:3   | Killed a four-headed hydra
 19351 | Lair:4   | Found a hole to the Spider Nest.
 19359 | Lair:4   | Found an opulent altar of Gozag.
 19359 | Lair:4   | Noticed an oklob plant
 19380 | Lair:4   | Killed an oklob plant
 19473 | Lair:4   | Noticed Snorg
 19489 | Lair:4   | Killed Snorg
 19676 | Lair:4   | Found a staircase to the Shoals.
 20350 | Lair:5   | Identified the +5 ring mail "Petast" {rF+ Str+4} (You found it on level 5 of the Lair of Beasts)
 20481 | Lair:5   | Noticed a six-headed hydra
 20488 | Lair:5   | Killed a six-headed hydra
 20901 | Lair:6   | Entered Level 6 of the Lair of Beasts
 20935 | Lair:6   | Found a frozen archway.
 21017 | Lair:6   | Reached XP level 12. HP: 33/59 MP: 0/28
 21249 | IceCv    | Entered an ice cave
 21512 | IceCv    | Found the +8 orange crystal plate armour {Archmagi, Int+3 Clar}
 22238 | IceCv    | Reached skill level 3 in Dodging
 22394 | IceCv    | Noticed a death yak
 22424 | IceCv    | Killed a death yak
 22729 | IceCv    | Reached skill level 1 in Fighting
 23252 | Lair:6   | Noticed a catoblepas
 23277 | Lair:6   | Killed a catoblepas
 23302 | Lair:6   | Found a viscous altar of Jiyva.
 23302 | Lair:6   | Found a staircase to the Slime Pits.
 23725 | Lair:6   | Reached skill level 9 in Shields
 23890 | Lair:6   | Noticed an anaconda
 23897 | Lair:6   | Identified Sif Muna's Tome of Air and the Escort {god gift} (Sif Muna gifted it to you on level 6 of the Lair of Beasts)
 23897 | Lair:6   | Received a gift from Sif Muna
 23901 | Lair:6   | Killed an anaconda
 24605 | Lair:6   | Noticed a five-headed hydra
 24616 | Lair:6   | Noticed a dire elephant
 24639 | Lair:6   | Killed a dire elephant
 24647 | Lair:6   | Killed a five-headed hydra
 25432 | D:12     | Noticed a five-headed hydra
 25442 | D:12     | Killed a five-headed hydra
 25753 | D:12     | Found a portal to a secret trove of treasure.
 26142 | D:12     | Noticed a four-headed hydra
 26148 | D:12     | Killed a four-headed hydra
 26148 | D:12     | Reached skill level 3 in Fighting
 26683 | D:13     | Reached XP level 13. HP: 45/68 MP: 8/29
 26847 | D:13     | Learned a level 5 spell: Summon Mana Viper
 27020 | D:13     | Found a roughly hewn altar of Beogh.
 27406 | D:13     | Reached skill level 1 in Hexes
 27563 | D:13     | Reached skill level 6 in Dodging
 27902 | D:13     | Found a gate to the Vaults.
 28357 | D:14     | Found a white marble altar of Elyvilon.
 28668 | D:14     | Noticed Josephine
 28776 | D:14     | Reached skill level 3 in Hexes
 28778 | D:14     | Killed Josephine
 29451 | D:15     | Entered Level 15 of the Dungeon
 31623 | D:15     | Reached skill level 11 in Spellcasting
 31812 | D:15     | Found a staircase to the Depths.
 32065 | Orc:1    | Entered Level 1 of the Orcish Mines
 32198 | Orc:1    | Noticed Erica
 32209 | Orc:1    | Killed Erica
 32209 | Orc:1    | Identified Sif Muna's Compendium of Flying Creation {god gift} (Sif Muna gifted it to you on level 1 of the Orcish Mines)
 32209 | Orc:1    | Received a gift from Sif Muna
 32823 | Orc:2    | Entered Level 2 of the Orcish Mines
 32823 | Orc:2    | Noticed Sonja
 32823 | Orc:2    | Noticed Nessos
 32969 | Orc:2    | Noticed Rupert
 32990 | Orc:2    | Killed Rupert
 33099 | Orc:2    | Killed Nessos
 33286 | Orc:2    | Found Zaemotal's Jewellery Boutique.
 33318 | Orc:2    | Found a staircase to the Elven Halls.
 33346 | Orc:2    | Killed Sonja
 33541 | Orc:2    | Noticed an orc warlord
 33859 | Orc:2    | Noticed an orc warlord
 34317 | Orc:1    | Killed an orc warlord
 34435 | Orc:2    | Reached skill level 1 in Invocations
 34626 | Orc:1    | Reached skill level 6 in Hexes
 34768 | Orc:1    | Killed an orc warlord
 35040 | Orc:2    | Reached XP level 14. HP: 50/78 MP: 18/31
 35235 | Orc:2    | Found Tymuwky's Antique Armour Shop.
 35255 | Orc:2    | Found Diles's General Store.
 35362 | Orc:2    | Found Inenawiasi's Antique Weapon Shoppe.
 35565 | Orc:2    | Bought a +3 amulet of reflection for 172 gold pieces
 35585 | Orc:2    | Bought a pair of smoking gloves for 266 gold pieces
 35595 | Orc:2    | Identified the cursed -4 pair of gloves of the Republic {rC- Int+7} (You bought it in a shop on level 2 of the Orcish Mines)
 35814 | Spider:1 | Entered Level 1 of the Spider Nest
 36703 | Spider:2 | Noticed an emperor scorpion
 36784 | Spider:1 | Identified Jodulob's Volume of Captivating Combat Magic {god gift} (Sif Muna gifted it to you on level 1 of the Spider Nest)
 36784 | Spider:1 | Received a gift from Sif Muna
 37102 | Spider:1 | Reached skill level 3 in Invocations
 37200 | Spider:1 | Reached skill level 12 in Spellcasting
 37505 | Spider:1 | Noticed an entropy weaver
 37525 | Spider:1 | Killed an entropy weaver
 38076 | Spider:1 | Noticed an emperor scorpion
 38103 | Spider:1 | Killed an emperor scorpion
 38764 | Spider:2 | Noticed an entropy weaver
 38785 | Spider:2 | Killed an entropy weaver
 38865 | Spider:2 | Killed an emperor scorpion
 39438 | Spider:2 | Noticed Aizul
 39451 | Spider:2 | Killed Aizul
 40116 | Spider:2 | Noticed an emperor scorpion
 40132 | Spider:2 | Noticed Kirke
 40499 | Spider:2 | Learned a level 5 spell: Summon Forest
 40508 | Spider:2 | Reached skill level 6 in Fighting
 40633 | Spider:2 | Noticed an entropy weaver
 40641 | Spider:2 | Killed an entropy weaver
 40641 | Spider:2 | Reached skill level 1 in Translocations
 40769 | Spider:2 | Reached skill level 12 in Summonings
 40876 | Spider:2 | Killed Kirke
 41004 | Spider:2 | Killed an emperor scorpion
 41064 | Spider:2 | Noticed an emperor scorpion
 41090 | Spider:2 | Killed an emperor scorpion
 41090 | Spider:2 | Identified Sif Muna's Disquisition on Orientation {god gift} (Sif Muna gifted it to you on level 2 of the Spider Nest)
 41090 | Spider:2 | Received a gift from Sif Muna
 41228 | Spider:2 | Learned a level 2 spell: Blink
 41654 | Spider:3 | Learned a level 5 spell: Borgnjor's Vile Clutch
 41665 | Spider:3 | Noticed an emperor scorpion
 41697 | Spider:3 | Killed an emperor scorpion
 41697 | Spider:3 | Reached skill level 1 in Necromancy
 41699 | Spider:3 | Reached skill level 1 in Earth Magic
 41933 | Spider:3 | Upgraded the game from 0.22-a0-181-gb22368a to 0.22-a0-185-ge330310
 42367 | Spider:3 | Found a roughly hewn altar of Beogh.
 42405 | Spider:3 | Identified a scroll of acquirement
 42517 | Spider:4 | Entered Level 4 of the Spider Nest
 43203 | Shoals:1 | Entered Level 1 of the Shoals
 43235 | Shoals:1 | Reached skill level 3 in Necromancy
 43458 | Shoals:1 | Reached skill level 3 in Earth Magic
 43467 | Shoals:1 | Reached XP level 15. HP: 84/84 MP: 19/33
 45378 | Shoals:2 | Reached skill level 6 in Necromancy
 45474 | Shoals:2 | Identified Sif Muna's Compendium of Summoning and Combat Magic {god gift} (Sif Muna gifted it to you on level 2 of the Shoals)
 45474 | Shoals:2 | Received a gift from Sif Muna
 45483 | Shoals:2 | Learned a level 6 spell: Shadow Creatures
 45821 | Shoals:3 | Reached skill level 6 in Earth Magic
 47783 | Shoals:4 | Entered Level 4 of the Shoals
 48078 | Elf:1    | Entered Level 1 of the Elven Halls
 48086 | Elf:1    | Reached skill level 13 in Spellcasting
 48535 | Elf:1    | Reached skill level 9 in Necromancy
 48684 | Elf:1    | Found Faeffesh's Food Shop.
 49140 | Elf:1    | Reached skill level 9 in Earth Magic
 49427 | Elf:1    | Received a gift from Sif Muna
 49587 | Elf:1    | Identified the Grimoire of Confrontation
 49720 | Elf:1    | Reached XP level 16. HP: 69/89 MP: 25/35
 50410 | Elf:2    | Found a runed gate.
 50410 | Elf:2    | Found a runed gate.
 50411 | Elf:2    | Found a runed gate.
 52583 | Spider:4 | Reached skill level 3 in Translocations
 53079 | Spider:4 | Identified Sif Muna's Papyrus of Scorching Creation {god gift} (Sif Muna gifted it to you on level 4 of the Spider Nest)
 53079 | Spider:4 | Received a gift from Sif Muna
 53512 | Spider:4 | Noticed Arachne
 53794 | Spider:4 | Killed Arachne
 53794 | Spider:4 | Reached skill level 14 in Spellcasting
 55031 | Spider:4 | Reached skill level 15 in Spellcasting
 55656 | Spider:4 | Got a gossamer rune of Zot
 56203 | Shoals:4 | Learned a level 7 spell: Monstrous Menagerie
 56354 | Shoals:4 | Identified the +12 broad axe of the Turnip {flame, Int+4} (You found it on level 4 of the Shoals)
 56664 | Shoals:4 | Reached XP level 17. HP: 97/97 MP: 15/38
 56750 | Shoals:4 | Got a barnacled rune of Zot
 57038 | Shoals:4 | Noticed Ilsuiw
 57046 | Shoals:4 | Killed Ilsuiw
 57450 | Shoals:4 | Reached skill level 9 in Fighting
 58387 | Elf:3    | Entered Level 3 of the Elven Halls
 58434 | Elf:3    | Noticed a deep elf blademaster
 58826 | Elf:3    | Killed a deep elf blademaster
 59398 | Elf:3    | Identified Sif Muna's Tome of Creation {god gift} (Sif Muna gifted it to you on level 3 of the Elven Halls)
 59398 | Elf:3    | Received a gift from Sif Muna
 59624 | Elf:3    | Noticed Louise
 59644 | Elf:3    | Killed Louise
 60025 | Elf:3    | Killed from afar by a deep elf high priest

Vault maps used:
D:1:      minmay_arrival_widening_spiral_wide
D:2:      old_standard_altar, grunt_ministairs_5, guppyfry_early_lair_pool,
          uniq_robin
D:3:      corexii_shack_village
D:4:      kennysheep_little_box, minmay_temple_entry_nine_rooms, first_ration
D:5:      lemuel_round_altar, chequers_temple_overflow_statue_of_worship,
          basic_altar, led_xom_imps
D:6:      minmay_item_behind_shaft, uniq_crazy_yiuf_cottage
D:7:      st_stairs_12, hangedman_glass_teeth, uniq_duvessa
D:8:      lemuel_bear_cage, lemuel_coloured_pillars_altar, st_stairs_6
D:9:      chequers_temple_overflow_minitemple, vehumet_statue
D:10:     hiddenorc2_lemuel, kennysheep_generic_room_7, uniq_joseph,
          uniq_maurice
D:11:     lair_entry_dummy, basic_altar, serial_shops,
          nicolae_shop_behind_doors, nicolae_shop_behind_doors,
          hangedman_fish_farm, bh_hangedman_babel_library, uniq_psyche,
          uniq_erolcha
D:12:     nicolae_trove_entry_crystal
D:13:     erik_vaults_2, special_room
D:14:     elyvilon_altar_1, uniq_josephine
D:15:     gammafunk_enter_depths_forms, minivault_23
Lair:1:   grunt_megastairs_2
Lair:3:   st_stairs_6
Lair:4:   elwin_shoals_entry_stream, spider_nest_entry_a, lemuel_oklob_altar,
          uniq_snorg
Lair:5:   beast_lair_carwin_4
Lair:6:   evil_forest, slime_altar_1, portal_ice_cave_entry_imps
Shoals:1: nicolae_shoals_circle_sea_wall
Shoals:2: hangedman_shoals_cup_caves
Shoals:3: nicolae_shoals_drake_roost
Shoals:4: shoals_end_grunt_ice, shoal_ilsuiw
Spider:1: lemuel_spider_zombies
Spider:2: uniq_aizul, uniq_kirke
Spider:3: nicolae_spider_mines_2, hangedman_spider_tarantella_strand
Spider:4: grunt_spider_rune_circles, uniq_arachne
Orc:1:    uniq_erica
Orc:2:    grunt_orc_gardens, grunt_orc_garden, grunt_orc_garden,
          grunt_orc_garden, grunt_orc_garden, uniq_rupert, uniq_sonja,
          uniq_nessos
Elf:1:    elf_arrival_001, serial_shops, shop, minmay_elf_annihilation
Elf:3:    minmay_elf_hall_quartered_circle, uniq_louise
IceCv:    ice_cave_caverns_03

Skill      XL: |  1  2  3  4  5  6  7  8  9 10 11 12 13 14 15 16 17 |
---------------+----------------------------------------------------+-----
Stealth        | 3 |  3.0
Spellcasting   | 4 5 6 7 8 10 11 12 13 15 | 15.0
Summonings     | 5 6 7 8 9 10 11 12 13 | 13.1
Air Magic      | 1 2 3 4 5 6 8 |  8.0
Ice Magic      | 2 4 6 7 |  7.7
Shields        | 2 5 8 9 10 | 10.0
Armour         | 1 5 8 |  8.6
Dodging        | 5 6 7 |  7.8
Fighting       | 3 5 6 8 10 | 10.0
Hexes          | 6 8 |  8.0
Invocations    | 1 5 |  5.0
Translocations | 2 5 |  5.0
Necromancy     | 3 10 11 | 11.9
Earth Magic    | 3 9 11 | 11.0

Action                   |  1- 3 |  4- 6 |  7- 9 | 10-12 | 13-15 | 16-18 || total
-------------------------+-------+-------+-------+-------+-------+-------++-------
Melee: Unarmed           |    11 |       |       |       |       |       ||    11
       Dagger            |     1 |    17 |   179 |    19 |       |       ||   216
       Staff             |       |       |       |    88 |   342 |    72 ||   502
Throw: Throwing net      |       |       |       |       |       |     4 ||     4
 Cast: Summon Small Mamm |    83 |    10 |     1 |       |       |       ||    94
       Call Imp          |    20 |    24 |    10 |       |     1 |       ||    55
       Call Canine Famil |    11 |    31 |    34 |    32 |    80 |     6 ||   194
       Summon Lightning  |       |    19 |    48 |    47 |   152 |    30 ||   296
       Summon Ice Beast  |       |       |    23 |   268 |   376 |     3 ||   670
       Summon Mana Viper |       |       |       |       |    84 |    52 ||   136
       Summon Forest     |       |       |       |       |     5 |     3 ||     8
       Borgnjor's Vile C |       |       |       |       |    82 |   236 ||   318
       Shadow Creatures  |       |       |       |       |       |     3 ||     3
       Blink             |       |       |       |       |       |     2 ||     2
Invok: Divine Energy     |       |     1 |       |       |       |       ||     1
       Channel Magic     |       |       |       |       |     1 |     1 ||     2
Evoke: Wand              |       |       |       |       |    13 |     2 ||    15
       Phial of floods   |       |       |       |       |       |     1 ||     1
  Use: Scroll            |       |     5 |    17 |    11 |    17 |     6 ||    56
       Potion            |       |     1 |     1 |       |     1 |     3 ||     6
 Stab: Distracted        |       |     1 |     1 |     7 |     7 |       ||    16
       Sleeping          |       |     1 |     1 |       |       |       ||     2
  Eat: Chunk             |     6 |    16 |    23 |    34 |    50 |    18 ||   147
       Ration            |       |       |     1 |     2 |     8 |     5 ||    16
Armor: Robe              |    17 |     7 |    38 |     6 |       |       ||    68
       Troll leather arm |       |       |       |    19 |       |       ||    19
       Ring mail         |       |       |       |   101 |   398 |   118 ||   617
Dodge: Dodged            |    55 |    33 |   127 |    87 |   354 |    83 ||   739
       Deflected         |       |       |       |       |    16 |    13 ||    29
Block: Shield            |       |       |     9 |   201 |   890 |   219 ||  1319
       Reflection        |       |       |       |       |    57 |    32 ||    89

Table legend:
 A = Spawn XP
 B = Non-spawn XP
 C = Spawn XP percentage of total XP
 D = Spawn monster count
 E = Non-spawn monster count
 F = Spawn count percentage of total count
 G = Total turns spent on level
                    A         B        C        D         E        F      G
               +---------+---------+-------+---------+---------+-------+---------
         Total |       0 |  253234 |   0.0 |       0 |    1267 |   0.0 | 60025
               +---------+---------+-------+---------+---------+-------+---------
           D:1 |       0 |      39 |   0.0 |       0 |      37 |   0.0 |  1472
           D:2 |       0 |      57 |   0.0 |       0 |      37 |   0.0 |  1190
           D:3 |       0 |      43 |   0.0 |       0 |      27 |   0.0 |  1361
           D:4 |       0 |     221 |   0.0 |       0 |      26 |   0.0 |  1599
           D:5 |       0 |     556 |   0.0 |       0 |      29 |   0.0 |  1560
           D:6 |       0 |     341 |   0.0 |       0 |      14 |   0.0 |   886
           D:7 |       0 |     363 |   0.0 |       0 |      20 |   0.0 |  1103
           D:8 |       0 |     565 |   0.0 |       0 |      17 |   0.0 |  1408
           D:9 |       0 |    1090 |   0.0 |       0 |      35 |   0.0 |  1493
          D:10 |       0 |    2069 |   0.0 |       0 |      54 |   0.0 |  2005
          D:11 |       0 |    1815 |   0.0 |       0 |      25 |   0.0 |  1476
          D:12 |       0 |    3087 |   0.0 |       0 |      24 |   0.0 |  1170
          D:13 |       0 |    8084 |   0.0 |       0 |      48 |   0.0 |  1861
          D:14 |       0 |    2992 |   0.0 |       0 |      18 |   0.0 |  1239
          D:15 |       0 |    5020 |   0.0 |       0 |      37 |   0.0 |  2317
        Lair:1 |       0 |    2916 |   0.0 |       0 |      30 |   0.0 |  1798
        Lair:2 |       0 |    1663 |   0.0 |       0 |      16 |   0.0 |  1015
        Lair:3 |       0 |    3300 |   0.0 |       0 |      22 |   0.0 |  1456
        Lair:4 |       0 |    4391 |   0.0 |       0 |      24 |   0.0 |  1598
        Lair:5 |       0 |    1673 |   0.0 |       0 |      11 |   0.0 |   933
        Lair:6 |       0 |    9374 |   0.0 |       0 |      66 |   0.0 |  2278
      Shoals:1 |       0 |    7702 |   0.0 |       0 |      30 |   0.0 |  1327
      Shoals:2 |       0 |    9433 |   0.0 |       0 |      28 |   0.0 |  1755
      Shoals:3 |       0 |    9962 |   0.0 |       0 |      33 |   0.0 |  1892
      Shoals:4 |       0 |   26245 |   0.0 |       0 |      51 |   0.0 |  1832
      Spider:1 |       0 |   13837 |   0.0 |       0 |      75 |   0.0 |  3143
      Spider:2 |       0 |   15590 |   0.0 |       0 |      65 |   0.0 |  2596
      Spider:3 |       0 |    9791 |   0.0 |       0 |      33 |   0.0 |  3038
      Spider:4 |       0 |   37030 |   0.0 |       0 |      89 |   0.0 |  3022
         Orc:1 |       0 |    4863 |   0.0 |       0 |      38 |   0.0 |  2383
         Orc:2 |       0 |    7623 |   0.0 |       0 |      77 |   0.0 |  1273
         Elf:1 |       0 |   25910 |   0.0 |       0 |      47 |   0.0 |  1911
         Elf:2 |       0 |    9326 |   0.0 |       0 |      19 |   0.0 |  1266
         Elf:3 |       0 |   22553 |   0.0 |       0 |      31 |   0.0 |  1480
         IceCv |       0 |    3710 |   0.0 |       0 |      34 |   0.0 |  1889
               +---------+---------+-------+---------+---------+-------+---------
